 Dungeon Crawl Stone Soup version 0.29-a0-284-gf9362112df (webtiles) character file.

Game seed: 4248530370747330672

131 YayAnonymity the Chopper (level 5, -7/45 HPs)
             Began as a Hill Orc Monk on Mar 15, 2022.
             Mangled by a gnoll
             ... wielding a +0 spear
              (8 damage)
             ... on level 3 of the Dungeon.
             The game lasted 00:03:05 (4005 turns).

YayAnonymity the Chopper (Hill Orc Monk)            Turns: 4005, Time: 00:03:05

Health: -7/45      AC:  5    Str: 16    XL:     5   Next: 14%
Magic:  14/14      EV: 11    Int: 10    God:
Gold:   170        SH:  0    Dex: 13    Spells: 4/4 levels left

rFire   . . .      SeeInvis .   a - +0 hand axe
rCold   . . .      Faith    .   (no shield)
rNeg    . . .      Spirit   .   e - +0 ring mail
rPois   .          Reflect  .   (no helmet)
rElec   .          Harm     .   (no cloak)
rCorr   .          Rampage  .   (no gloves)
Will    .....                   (no boots)
Stlth   +.........              (no amulet)
HPRegen 0.15/turn               g - ring of magical power
MPRegen 0.14/turn               (no ring)

@: no status effects
A: no striking features
a: no special abilities


You were on level 3 of the Dungeon.
You visited 1 branch of the dungeon, and saw 3 of its levels.

You collected 170 gold pieces.

Inventory:

Hand Weapons
 a - a +0 hand axe (weapon)
Missiles
 h - 6 poisoned darts (quivered)
Armour
 e - a +0 ring mail (worn)
Jewellery
 g - a ring of magical power (left hand)
Scrolls
 d - 3 scrolls of amnesia {unknown}
 i - a scroll of magic mapping {unknown}
 k - 2 scrolls of teleportation {unknown}
 n - a scroll of immolation {unknown}
Potions
 b - a potion of haste {unknown}
 c - 2 potions of ambrosia
 f - 3 potions of curing
 j - a potion of cancellation
 l - a potion of heal wounds {unknown}
 m - 3 potions of invisibility


   Skills:
 - Level 3.6 Fighting
 + Level 7.5 Axes
 - Level 2.4 Dodging
 - Level 1.5 Stealth


You had 4 spell levels left.
You didn't know any spells.
Your spell library contained the following spells:

 Spells                   Type           Power      Damage    Failure   Level
 Slow                     Hex            0%         N/A       58%         1
 Confusing Touch          Hex            0%         N/A       91%         3
 Vampiric Draining        Necr           0%         2d6       91%         3


Dungeon Overview and Level Annotations

Branches:
Dungeon (3/15)

Altars:
Nemelex Xobeh

Shops:
D:3 =


Message History

There is an open door here.
You open the door.
There is an open door here.
A gnoll comes into view.
It is wielding a +0 whip. 2 gnolls come into view.
The gnoll shouts! x2
The gnoll closely misses you. The gnoll barely misses you. x2
You hit the gnoll but do no damage. x2; The gnoll hits you with a +0 spear.
The gnoll closely misses you. x2
You hit the gnoll but do no damage. You hit the gnoll.
The gnoll closely misses you. The gnoll barely misses you.
The gnoll hits you from afar with a +0 spear.
You hit the gnoll but do no damage.
The gnoll is lightly wounded.
You completely miss the gnoll. The gnoll hits you with a +0 whip.
The gnoll hits you with a +0 spear! The gnoll hits you but does no damage.
You closely miss the gnoll.
The gnoll is lightly wounded.
You hit the gnoll. The gnoll hits you with a +0 whip.
The gnoll hits you with a +0 spear. The gnoll closely misses you.
The gnoll hits you with a +0 spear.
* * * LOW HITPOINT WARNING * * *
The gnoll hits you with a +0 whip.
* * * LOW HITPOINT WARNING * * *
The gnoll hits you with a +0 spear.
* * * LOW HITPOINT WARNING * * *
You hit the gnoll.
The gnoll is lightly wounded.
You hit the gnoll. x2; The gnoll misses you.
The gnoll hits you with a +0 spear.
* * * LOW HITPOINT WARNING * * *
The gnoll hits you but does no damage.
You barely miss the gnoll.
The gnoll is heavily wounded.
You hit the gnoll. x2
You hit the gnoll.
The gnoll is heavily wounded.
You barely miss the gnoll. You hit the gnoll. The gnoll closely misses you.
The gnoll hits you with a +0 spear!
You die...

#..................(.......
#............##.######.####
#.............#........#
#........[....#.)......#
#######.............#........####
.....##.............#........##..
####.####....##.....###'####.##.#
.....####....##.g...# #..######'#
###.....'....##g@g..# ##.#.+.....
#.#####....##.....# #...#.#...
#.# #....##.....# ##.##.#._. #.#
#....######## #..#.#... #.#
#....# ##.'..... #.# ######
#.####'# #.# ##.###.# #.# #..##..
#.# #..####


You could see 3 gnolls.

Vanquished Creatures
  An iguana (D:3)
  6 adders
  4 orcs (D:3)
  6 bats
  7 endoplasms
  2 giant cockroaches
  3 goblins
  3 hobgoblins
  3 jackals (D:3)
  5 kobolds (D:1)
  A quokka (D:1)
  A ball python (D:2)
  2 frilled lizards (D:2)
  4 rats
48 creatures vanquished.

Vanquished Creatures (others)
  4 plants (D:2)
4 creatures vanquished.

Grand Total: 52 creatures vanquished

Notes
Turn   | Place    | Note
-------+----------+-------------------------------------------
     0 | D:1      | YayAnonymity the Hill Orc Monk began the quest for the Orb.
     0 | D:1      | Reached XP level 1. HP: 19/19 MP: 1/1
   696 | D:1      | Reached XP level 2. HP: 26/26 MP: 2/2
   936 | D:1      | Reached skill level 5 in Axes
  1665 | D:2      | Reached XP level 3. HP: 25/31 MP: 3/3
  1904 | D:2      | Reached skill level 6 in Axes
  2345 | D:2      | Reached XP level 4. HP: 33/39 MP: 4/4
  3158 | D:3      | Found a sparkling altar of Nemelex Xobeh.
  3298 | D:3      | Reached skill level 7 in Axes
  3519 | D:3      | Reached XP level 5. HP: 17/45 MP: 5/5
  3723 | D:3      | Found Pyzonod's One-of-a-Kind Rings.
  4003 | D:3      | HP: 1/45 [gnoll/+0 spear (6)]
  4005 | D:3      | Mangled by a gnoll

Illustrated notes

Levels and vault maps discovered:
D:1:      tarquinn_simple_flora_water_f, layout_loops_ring
D:2:      layout_loops_corners, roderic_serpentine_path, serial_bayou_lake_a
D:3:      layout_basic, mainiacjoe_overflow_six_doors_small,
          nicolae_shop_unique_rings

Skill      XL: |  1  2  3  4 |
---------------+-------------+-----
Axes           | 5 6 7 |  7.5
Fighting       | |  3.6
Dodging        | |  2.4
Stealth        | |  1.5

Action                   |  1- 3 |  4- 6 || total
-------------------------+-------+-------++-------
Melee: Hand axe          |    98 |    90 ||   188
       Punch             |     1 |     1 ||     2
  Use: Scroll            |       |     4 ||     4
 Stab: Sleeping          |     3 |       ||     3
Armor: Ring mail         |    22 |    26 ||    48
       Robe              |     1 |       ||     1
Dodge: Dodged            |    55 |    44 ||    99

Table legend: (Time is in decaauts)
 A = Elapsed time spent in this place.
 B = Non-inter-level travel time spent in this place.
 C = Inter-level travel time spent in this place.
 D = Time resting spent in this place.
 E = Time spent auto-exploring this place.
 F = Levels seen in this place.
 G = Mean time per level.
                   A        B        C        D        E       F      G
               +--------+--------+--------+--------+--------+-----+--------+
         Total |   4048 |   3996 |     52 |    435 |   3149 |   3 | 1349.3 |
       Dungeon |   4048 |   3996 |     52 |    435 |   3149 |   3 | 1349.3 |
               +--------+--------+--------+--------+--------+-----+--------+

Top non-repeatable levels by time:
     D:2: 1440 daAuts
     D:1: 1312 daAuts
     D:3: 1295 daAuts
